 Dungeon Crawl Stone Soup version 0.30.0-20-g3615ddf2f0 (webtiles) character file.

Game seed: 18256816883232686623

2189 qw the Cleaver (level 9, -1/55 HPs)
             Began as a Gargoyle Fighter on May 29, 2023.
             Was a Believer of Okawaru.
             Shot with an arrow by a centaur (9 damage)
             ... on level 8 of the Dungeon.
             The game lasted 00:03:06 (6581 turns).

qw the Cleaver (Gargoyle Fighter)                   Turns: 6581, Time: 00:03:06

Health: -1/55      AC: 20    Str: 25    XL:     9   Next: 33%
Magic:  11/12      EV:  9    Int:  8    God:    Okawaru [**....]
Gold:   353        SH:  5    Dex:  9    Spells: 8/8 levels left

rFire   . . .        Y - +2 war axe
rCold   . . .        c - +0 buckler
rNeg    + . .        s - +0 plate armour
rPois   inf          m - +1 helmet
rElec   +            e - +0 cloak
rCorr   .            (no gloves)
SInv    .            (no boots)
Will    +....        (no amulet) Stlth
                     n - ring of willpower
HPRegen 0.29/turn    (no ring)
MPRegen 0.13/turn

%: no passive effects
@: about to teleport, heroic, corroded
A: sickness immunity, AC +6, negative energy resistance 1, electricity
resistance, torment resistance 1, petrification resistance
a: Renounce Religion, Heroism


You were on level 8 of the Dungeon.
You worshipped Okawaru.
Okawaru was pleased with you.
You visited 2 branches of the dungeon, and saw 9 of its levels.

You collected 353 gold pieces.


Innate Abilities, Weirdness & Mutations

You are immune to sickness and miasma.
Your stone body is resilient. (AC +6)
You are immune to poison.
You resist negative energy. (rN+)
You are resistant to electric shocks. (rElec)
You are resistant to unholy torment.
You are immune to petrification.


   Skills:
 - Level 6.1(11.1) Fighting
 + Level 8.5(13.5) Axes
 - Level 2.2(7.2) Throwing
 - Level 5.1(10.1) Armour
 - Level 1.2(6.2) Dodging
 - Level 3.2(8.2) Shields
 - Level 4.1 Invocations


You had 8 spell levels left.
You didn't know any spells.
Your spell library was empty.

Inventory:

Hand Weapons
 q - a +0 morningstar
 Y - a +2 war axe (weapon)
Missiles
 h - 4 boomerangs
 o - 3 javelins (quivered)
Armour
 c - a +0 buckler (worn)
 e - a +0 cloak (worn)
 m - a +1 helmet (worn)
 s - a +0 plate armour (worn)
Jewellery
 n - a ring of willpower (left hand)
 t - a +6 ring of intelligence
Scrolls
 a - a scroll of identify
 i - 3 scrolls of teleportation
Potions
 b - 2 potions of magic
 d - 3 potions of might
 f - 2 potions of attraction
 g - 6 potions of curing
 j - 2 potions of lignification
 l - a potion of haste
 p - a potion of cancellation {unknown}
 r - a potion of resistance {unknown}

Dungeon Overview and Level Annotations

Branches:
Dungeon (8/15)             Temple (1/1) D:5
   Lair: D:8-11

Altars:
Ashenzari
Dithmenos
Elyvilon
Fedhas
Gozag
Hepliaklqana
Kikubaaqudgha
Makhleb
Okawaru
Ru
Trog
Vehumet
Wu Jian
Xom
Yredelemnul
Zin
The Shining One


Message History

You hit the acid dragon but do no damage.
You hit the orc.
Your attacks no longer feel as feeble.
You block the orc's attack. You block the acid dragon's attack.
The acid dragon claws you but does no damage.
You slice the orc!!
You kill the orc!
Okawaru accepts your kill.
You slash the acid dragon!
The centaur wields a +0 shortbow.
The centaur shoots an arrow.
The arrow closely misses you.
You hit the acid dragon.
The acid dragon is heavily wounded.
The acid dragon spits acid at you. The splash of acid hits you.
The centaur shoots an arrow.
The arrow hits you but does no damage.
You hear a shout!
6578 ||| READING 4 scrolls of teleportation.
As you read the scroll of teleportation, it crumbles to dust.
You feel strangely unstable.
The centaur shoots an arrow.
You block the arrow. You block the acid dragon's attack.
The acid dragon claws you but does no damage.
The centaur shoots an arrow.
The arrow misses you.
6579 ||| DRINKING potion of heal wounds.
You feel much better. The acid dragon barely misses you.
The acid dragon closely misses you.
The centaur shoots an arrow.
The arrow hits you but does no damage.
You barely miss the acid dragon.
The acid dragon is heavily wounded.
The centaur shoots an arrow.
You block the arrow. The acid dragon spits acid at you.
The splash of acid hits you!! The acid corrodes you!
The centaur shoots an arrow.
The arrow hits you!
You hear a shout!
You hit the acid dragon.
The acid dragon is severely wounded.
The acid dragon closely misses you. You block the acid dragon's attack.
The centaur shoots an arrow.
The arrow hits you!
You die...

......(..##.....~~.....~~.....#
.#.......##.....~..~.~..~..##.##
.........###......~~.~~...#....##
))........###..................#.
.)..............####.####........
.).......?...>...#.#..###..<.....
............#..........#...####'#
...........#..c)D.#.......###....
#..........#'''#@.#.##....# #.._.
###..##.#.##...##....##.### #....
.###.##.###..#. #######..# #####
## #.#.# ..D### #.#...# ...
####.# ..#o ##....#####?.? .....#
c # ##......##### ....##
###....### ....# ##..#...###
....## ##.........#


You could see an acid dragon (catching breath) and a centaur.

Vanquished Creatures
  A steam dragon (D:6)
  2 water moccasins (D:7)
  An ice beast (D:7)
  2 black bears
  2 ogres (D:6)
  A centaur (D:6)
  A phantom (D:6)
  Blork the orc (D:4)
  A kobold brigand (D:8)
  A scorpion (D:7)
  3 wights (D:8)
  A howler monkey (D:5)
  2 hounds
  2 orc priests
  3 jellies
  A gnoll bouda (D:8)
  9 iguanas
  2 sleepcaps
  Robin (D:2)
  7 gnolls (D:7)
  9 adders
  2 white imps
  5 worms
  4 dart slugs
  27 orcs
  2 bats
  6 endoplasms
  10 giant cockroaches
  16 goblins
  6 hobgoblins
  4 jackals
  5 quokkas
  3 ball pythons
  6 frilled lizards
  9 kobolds
  5 rats
163 creatures vanquished.

Vanquished Creatures (others)
  A ball python (D:3)
1 creature vanquished.

Grand Total: 164 creatures vanquished

Notes
Turn   | Place    | Note
-------+----------+-------------------------------------------
     0 | D:1      | qw the Gargoyle Fighter began the quest for the Orb.
     0 | D:1      | Reached XP level 1. HP: 14/14 MP: 1/1
     0 | D:1      | 0 ||| qw: Version: 0.2-a-101-gf424e7f
     0 | D:1      | 0 ||| qw: Game counter: 337
     0 | D:1      | 0 ||| qw: Always use a shield: true
     0 | D:1      | 0 ||| qw: God list: Okawaru
     0 | D:1      | 0 ||| qw: Allow faded altars: false
     0 | D:1      | 0 ||| qw: Do Orc after D:15 true
     0 | D:1      | 0 ||| qw: Do second Lair branch before Depths: true
     0 | D:1      | 0 ||| qw: Lair rune preference: random
     0 | D:1      | 0 ||| qw: Plans: Normal, Zot:1-4, Slime:5, God:TSO, Crypt,
                  | Tomb, Pan, Hells, Abyss, Win
     0 | D:1      | 0 ||| PLANNING D:1-11
    62 | D:1      | Reached skill level 2 in Axes
   121 | D:1      | Reached XP level 2. HP: 14/19 MP: 2/2
   347 | D:1      | 347 ||| FLEEEEING.
   348 | D:1      | 348 ||| FLEEEEING.
   560 | D:1      | Reached skill level 3 in Axes
   781 | D:1      | 781 ||| UPGRADING to +0 cloak.
   786 | D:1      | 786 ||| READING scroll labelled YCUONE EWAFOU.
   787 | D:1      | 787 ||| READING scroll labelled JYQETW MAIWUQ.
   788 | D:1      | 788 ||| READING 2 scrolls labelled LIBEHOF ZETTI.
   791 | D:1      | 791 ||| READING scroll labelled VOINOUSHRIOFFE.
   845 | D:2      | Reached XP level 3. HP: 22/23 MP: 3/3
   875 | D:2      | 875 ||| Stepping ~*~*~tactically~*~*~ (stealth).
   888 | D:2      | Noticed Robin
   903 | D:2      | Killed Robin
  1087 | D:2      | Reached XP level 4. HP: 25/28 MP: 4/4
  1182 | D:2      | 1182 ||| Stepping ~*~*~tactically~*~*~ (stealth).
  1193 | D:2      | Reached skill level 1 in Throwing
  1195 | D:2      | 1195 ||| Stepping ~*~*~tactically~*~*~ (stealth).
  1205 | D:2      | 1205 ||| DROPPING +0 whip.
  1499 | D:2      | Reached skill level 4 in Axes
  1864 | D:2      | 1864 ||| UPGRADING to +0 chain mail.
  1874 | D:2      | 1874 ||| DROPPING +0 scale mail.
  1875 | D:2      | 1875 ||| UPGRADING to +0 helmet.
  1880 | D:2      | 1880 ||| UPGRADING to ring of willpower.
  1881 | D:2      | 1881 ||| READING scroll labelled QURA RI USMIE.
  1901 | D:2      | 1901 ||| READING scroll labelled VIGOLU EZEANWING.
  1902 | D:2      | 1902 ||| READING scroll labelled ZYRET VAMIRISU.
  1903 | D:2      | 1903 ||| READING scroll labelled EHIATE WAW ALE.
  2012 | D:3      | 2012 ||| READING scroll of enchant weapon.
  2012 | D:3      | 2012 ||| ENCHANTING +1 war axe.
  2035 | D:3      | 2035 ||| Stepping ~*~*~tactically~*~*~ (stealth).
  2042 | D:3      | Reached XP level 5. HP: 32/32 MP: 5/5
  2193 | D:3      | 2193 ||| Stepping ~*~*~tactically~*~*~ (hiding).
  2278 | D:3      | 2278 ||| Stepping ~*~*~tactically~*~*~ (stealth).
  2279 | D:3      | 2279 ||| Stepping ~*~*~tactically~*~*~ (stealth).
  2315 | D:3      | 2315 ||| Stepping ~*~*~tactically~*~*~ (stealth).
  2354 | D:3      | Noticed a black bear
  2361 | D:3      | Killed a black bear
  2362 | D:3      | Reached skill level 5 in Axes
  2362 | D:3      | Reached XP level 6. HP: 31/37 MP: 6/6
  2612 | D:3      | 2612 ||| Stepping ~*~*~tactically~*~*~ (stealth).
  2614 | D:3      | 2614 ||| Stepping ~*~*~tactically~*~*~ (stealth).
  2704 | D:3      | 2704 ||| UPGRADING to +0 plate armour.
  2714 | D:3      | 2714 ||| DROPPING +0 chain mail.
  2715 | D:3      | 2715 ||| UPGRADING to amulet of guardian spirit.
  2720 | D:3      | 2720 ||| READING scroll labelled BYBERPH FAON.
  2721 | D:3      | 2721 ||| READING scroll labelled COMO VIGEUSMO.
  2722 | D:3      | 2722 ||| DRINKING 2 fuming inky potions.
  2723 | D:3      | 2723 ||| DRINKING 2 pink potions.
  2724 | D:3      | 2724 ||| DRINKING 2 silvery potions.
  2725 | D:3      | 2725 ||| READING 3 scrolls of identify.
  2725 | D:3      | 2725 ||| IDENTIFYING emerald potion
  2726 | D:3      | 2726 ||| READING 2 scrolls of identify.
  2726 | D:3      | 2726 ||| IDENTIFYING red potion
  2727 | D:3      | 2727 ||| DROPPING potion of brilliance.
  2774 | D:4      | 2774 ||| Stepping ~*~*~tactically~*~*~ (stealth).
  2869 | D:4      | 2869 ||| Stepping ~*~*~tactically~*~*~ (stealth).
  2872 | D:4      | 2872 ||| Stepping ~*~*~tactically~*~*~ (stealth).
  2889 | D:4      | 2889 ||| Stepping ~*~*~tactically~*~*~ (stealth).
  2916 | D:4      | Noticed a black bear
  2924 | D:4      | Killed a black bear
  2925 | D:4      | Reached skill level 6 in Axes
  2925 | D:4      | Reached XP level 7. HP: 42/43 MP: 7/7
  3119 | D:4      | Noticed Blork the orc
  3133 | D:4      | Killed Blork the orc
  3133 | D:4      | HP: 7/43 [worm (7)]
  3134 | D:4      | 3134 ||| READING 2 scrolls of teleportation.
  3135 | D:4      | 3135 ||| DRINKING potion of heal wounds.
  3185 | D:4      | 3185 ||| Stepping ~*~*~tactically~*~*~ (stealth).
  3186 | D:4      | 3186 ||| Stepping ~*~*~tactically~*~*~ (stealth).
  3188 | D:4      | 3188 ||| Stepping ~*~*~tactically~*~*~ (stealth).
  3223 | D:4      | 3223 ||| Stepping ~*~*~tactically~*~*~ (stealth).
  3340 | D:4      | Found a shimmering altar of Xom.
  3526 | D:4      | 3526 ||| READING scroll labelled ROAMMI JAEQA.
  3527 | D:4      | 3527 ||| READING 3 scrolls of identify.
  3527 | D:4      | 3527 ||| IDENTIFYING bubbling pink potion
  3528 | D:4      | 3528 ||| READING 2 scrolls of identify.
  3528 | D:4      | 3528 ||| IDENTIFYING lumpy ruby potion
  3529 | D:4      | 3529 ||| DROPPING potion of magic.
  3549 | D:5      | Entered Level 5 of the Dungeon
  3550 | D:5      | Found a staircase to the Ecumenical Temple.
  3562 | D:5      | Found a bloodstained altar of Trog.
  3704 | D:5      | Found a broken altar of Ashenzari.
  3931 | D:5      | 3931 ||| PLANNING TEMPLE
  3937 | D:5      | 3937 ||| READING 2 scrolls of identify.
  3937 | D:5      | 3937 ||| IDENTIFYING metallic white potion
  3938 | D:5      | 3938 ||| DROPPING potion of flight.
  3944 | Temple   | Entered the Ecumenical Temple
  3944 | Temple   | Found a transporter.
  3944 | Temple   | Found a transporter.
  3946 | Temple   | Found a transporter.
  3946 | Temple   | Found a transporter.
  3956 | Temple   | 3956 ||| PLANNING D:1-11
  3973 | Temple   | 3973 ||| PLANNING OKAWARU WORSHIP
  3980 | Temple   | Became a worshipper of Warmaster Okawaru
  3980 | Temple   | 3980 ||| PLANNING D:1-11
  3981 | Temple   | 3981 ||| REMOVING amulet of guardian spirit.
  3986 | Temple   | 3986 ||| DROPPING amulet of guardian spirit.
  4414 | D:6      | Reached skill level 7 in Axes
  4451 | D:6      | Reached XP level 8. HP: 48/48 MP: 8/8
  4723 | D:6      | Reached * piety under Okawaru
  4741 | D:6      | 4741 ||| INVOKING Heroism.
  4748 | D:6      | Reached skill level 1 in Dodging
  4794 | D:6      | 4794 ||| INVOKING Heroism.
  4965 | D:6      | 4965 ||| INVOKING Heroism.
  5097 | D:6      | 5097 ||| Stepping ~*~*~tactically~*~*~ (hiding).
  5106 | D:6      | Reached skill level 8 in Axes
  5168 | D:6      | Found a white marble altar of Elyvilon.
  5200 | D:6      | 5200 ||| READING scroll labelled BIUXZI DAGEIM.
  5240 | D:7      | Reached skill level 1 in Invocations
  5320 | D:7      | 5320 ||| Stepping ~*~*~tactically~*~*~ (stealth).
  5408 | D:7      | Reached XP level 9. HP: 47/54 MP: 10/10
  5410 | D:7      | Reached skill level 3 in Invocations
  5509 | D:7      | Reached ** piety under Okawaru
  5510 | D:7      | Reached skill level 6 in Fighting
  5600 | D:7      | 5600 ||| READING 2 scrolls of identify.
  5600 | D:7      | 5600 ||| IDENTIFYING inky potion
  5601 | D:7      | 5601 ||| DROPPING potion of degeneration.
  5651 | D:7      | 5651 ||| Stepping ~*~*~tactically~*~*~ (hiding).
  5652 | D:7      | 5652 ||| Stepping ~*~*~tactically~*~*~ (hiding).
  5760 | D:7      | 5760 ||| Stepping ~*~*~tactically~*~*~ (hiding).
  5897 | D:7      | 5897 ||| Stepping ~*~*~tactically~*~*~ (hiding).
  5898 | D:7      | 5898 ||| Stepping ~*~*~tactically~*~*~ (hiding).
  5899 | D:7      | 5899 ||| Stepping ~*~*~tactically~*~*~ (hiding).
  6162 | D:8      | 6162 ||| INVOKING Heroism.
  6457 | D:8      | Found a sacrificial altar of Ru.
  6459 | D:8      | 6459 ||| READING scroll of enchant armour.
  6459 | D:8      | 6459 ||| ENCHANTING +0 helmet.
  6537 | D:8      | Found a glowing silver altar of Zin.
  6566 | D:8      | 6566 ||| Stepping ~*~*~tactically~*~*~ (hiding).
  6569 | D:8      | 6569 ||| INVOKING Heroism.
  6577 | D:8      | HP: 12/55 [acid dragon/splash of acid (6)]
  6578 | D:8      | 6578 ||| READING 4 scrolls of teleportation.
  6579 | D:8      | 6579 ||| DRINKING potion of heal wounds.
  6581 | D:8      | Shot with an arrow by a centaur

Levels and vault maps discovered:
D:1:      dpeg_arrival_boxorama, layout_basic
D:2:      minmay_general_purpose_star, layout_basic, uniq_robin
D:3:      layout_rooms, dreamdust_princess_corridor, minmay_increasing_density
D:4:      layout_loops_ring, mainiacjoe_overflow_alcove_4, nicolae_titane,
          uniq_blork_the_orc
D:5:      layout_loops_ring, nicolae_ashenzari_panopticon, bloody_trog,
          temple_doors_e
D:6:      layout_gridville, nicolae_overflow_hidden_temple
D:7:      layout_basic, minmay_splitting_lines
D:8:      layout_cave_pools, mainiacjoe_overflow_small_starburst,
          zin_scriptorium, grunt_decor_cap, kennysheep_kite_vault
Temple:   hellmonk_temple_divided_pantheon

Skill      XL: |  1  2  3  4  5  6  7  8  9 |
---------------+----------------------------+-----
Axes           | 2 3 4 5 6 7 8 |  8.5
Throwing       | 1 2 |  2.2
Fighting       | 4 5 6 |  6.1
Armour         | 4 5 |  5.1
Dodging        | 1 |  1.2
Invocations    | 2 4 |  4.1
Shields        | |  3.2

Action                     |  1- 3 |  4- 6 |  7- 9 || total
---------------------------+-------+-------+-------++-------
  Melee: War axe           |   109 |   106 |   194 ||   409
  Throw: Javelin           |     2 |    61 |    51 ||   114
         Boomerang         |       |       |     4 ||     4
 Invoke: Heroism           |       |       |     5 ||     5
    Use: Scroll            |     4 |     9 |     9 ||    22
         Potion            |       |     3 |     2 ||     5
 Armour: Scale mail        |    54 |    18 |       ||    72
         Skin              |     5 |       |       ||     5
         Chain mail        |       |    26 |       ||    26
         Plate armour      |       |    23 |   135 ||   158
  Dodge: Dodged            |    38 |    34 |    58 ||   130
  Block: Buckler           |    18 |    15 |    31 ||    64

Table legend:
 A = Non-vault XP
 B = Vault XP
 C = Vault XP percentage of total XP
 D = Non-vault monster count
 E = Vault monster count
 F = Vault count percentage of total count
                 A         B        C        D         E       F
            +---------+---------+-------+---------+---------+-------
      Total |    2898 |     230 |   7.4 |     142 |      21 |  12.9
            +---------+---------+-------+---------+---------+-------
        D:1 |      31 |       0 |   0.0 |      18 |       0 |   0.0
        D:2 |      44 |      69 |  61.1 |      16 |      14 |  46.7
        D:3 |     223 |      23 |   9.3 |      29 |       4 |  12.1
        D:4 |     381 |      96 |  20.1 |      23 |       1 |   4.2
        D:5 |     208 |       0 |   0.0 |      11 |       0 |   0.0
        D:6 |     935 |       0 |   0.0 |      18 |       0 |   0.0
        D:7 |     706 |       0 |   0.0 |      14 |       0 |   0.0
        D:8 |     370 |      42 |  10.2 |      13 |       2 |  13.3
            +---------+---------+-------+---------+---------+-------
